 Dungeon Sprint DCSS version 0.30-a0-272-gf98c3da03f (webtiles) character file.

Game seed: 5461495765773436851

970 Low2 the Cruncher (level 8, 0/88 HPs)
             Began as an Ogre Gladiator on Oct 15, 2022.
             Was an Initiate of Ru.
             Slain by an ufetubus (3 damage)
             ... summoned by a kobold demonologist
             ... in the Dungeon (Sprint I: "Red Sonja").
             The game lasted 00:07:05 (590 turns).

Low2 the Cruncher (Ogre Gladiator)                   Turns: 590, Time: 00:07:05

Health: 0/88       AC:  3    Str: 21    XL:     8   Next: 16%
Magic:  8/8        EV: 14    Int:  9    God:    Ru [......]
Gold:   377        SH:  0    Dex: 16    Spells: 7/7 levels left

rFire   . . .      SeeInvis .    m - +2 club (spect)
rCold   . . .      Faith    .    (no shield)
rNeg    . . .      Spirit   .    b - +0 robe
rPois   .          Reflect  .    c - +0 hat
rElec   .          Harm     .    (no cloak)
rCorr   .          Rampage  .    (gloves unavailable)
Will    .....      NoTele   +    (boots unavailable)
Stlth   ++........               (no amulet)
HPRegen 0.34/turn                d - +6 ring of dexterity
MPRegen 0.11/turn                (no ring)

@: on berserk cooldown
A: large, unfitting armour, tough skin 1
a: Renounce Religion


You were in the Dungeon.
You worshipped Ru.
Ru was noncommittal.
You visited 1 branch You collected 415 gold pieces.
You spent 38 gold pieces at shops.

Inventory:

Hand Weapons
 a - a +0 quarterstaff
 m - a +2 spectral club (weapon)
Armour
 b - a +0 robe (worn)
 c - a +0 hat (worn)
Jewellery
 d - a +6 ring of dexterity (left hand)
Wands
 l - a wand of flame (13)
Potions
 i - 2 potions of magic


   Skills:
 + Level 7.9 Fighting
 + Level 3.8(7.1) Maces & Flails
 + Level 10.3(10.6) Staves
 + Level 7.1 Throwing
 + Level 9.5 Dodging
 + Level 2.5 Stealth
 + Level 0.8 Evocations


You had 7 spell levels left.
You didn't know any spells.
Your spell library was empty.

Dungeon Overview and Level Annotations

Branches:
Dungeon (1/1)

Altars:
Cheibriados
Dithmenos
Elyvilon
Fedhas
Gozag
Hepliaklqana
Kikubaaqudgha
Makhleb
Nemelex Xobeh
Okawaru
Qazlal
Ru
Sif Muna
Trog
Uskayaw
Vehumet
Wu Jian
Xom
Yredelemnul
Zin
The Shining One
Jiyva
Lugonu

Shops:
D *


Innate Abilities, Weirdness & Mutations

You are too large for most types of armour.
You have tough skin. (AC +1)


Message History

There is an open door here.
You feel your anger nearly subside.
You are no longer berserk.
You are exhausted.
You feel yourself slow down.
You see here a +0 leather armour.
There is an open door here.
Things that are here:
a +0 giant spiked club; an ogre skeleton
There is an open door here.
There is an open door here.
There is an open door here.
Things that are here:
a +0 scythe; a +0 robe; the human skeleton of Sigmund Your extra speed is starting to run out.
There is an open door here.
There is an open door, spattered with blood here.
You see here a +0 ring mail.
You feel yourself slow down.
The kobold demonologist shouts!
A centaur warrior comes into view. x2
The centaur warrior wields a +0 longbow.
The centaur warrior shoots an arrow.
The arrow hits you!
* * * LOW HITPOINT WARNING * * *
The kobold demonologist begins to cast a cantrip, but forgets the words!
Found a leather armour and a scroll labelled AKHLIY KUFASEMM.
There is an ornate altar of the Wu Jian Council here.
You feel yourself speed up.
The centaur warrior shoots an arrow.
The arrow barely misses you.
The centaur warrior shoots an arrow.
The arrow hits you!!
* * * LOW HITPOINT WARNING * * *
The kobold demonologist mumbles some strange words.
The centaur warrior shouts!
There is an open door, spattered with blood here.
The ufetubus attacks as you move away! The ufetubus closely misses you.
The ufetubus hits you.
* * * LOW HITPOINT WARNING * * *
The ufetubus misses you. The ufetubus barely misses you.
The ufetubus closely misses you. The ufetubus barely misses you.
The ufetubus hits you.
You die...

#########################
#<.#..)..#..'..#__#..)5..
#..'[.#..').#..'..'..#...
#..#####'#####'#__#### §.
#..####..#...#[####§?# #
#..#__####..##.#~~§§§#
#..#_____##'#c.'§§~..+
#⌠⌠#_.∩..5K...5#§§§c.#
####_.._@##_.#'##+####
#_____###+#.# ####### ###


You could see a centaur warrior, a kobold demonologist, a shadow imp (summoned)
and an ufetubus (summoned).

Vanquished Creatures
  A kobold demonologist (D)
  A slime creature (D)
  Sigmund (D)
  A yak (D)
  A floating eye (D)
  An ogre (D)
  A jelly (D)
  Ijyb (D)
8 creatures vanquished.

Notes
Turn   | Place    | Note
-------+----------+-------------------------------------------
     0 | D        | Low2 the Ogre Gladiator began the quest for the Orb.
     0 | D        | Reached XP level 1. HP: 22/22 MP: 1/1
     2 | D        | Noticed Ijyb
    13 | D        | Killed Ijyb
    14 | D        | Reached skill level 4 in Staves
    14 | D        | Reached XP level 2. HP: 6/32 MP: 2/2
    14 | D        | Reached XP level 3. HP: 7/39 MP: 3/3
   137 | D        | Noticed an ogre
   144 | D        | Killed an ogre
   145 | D        | Reached skill level 1 in Maces & Flails
   145 | D        | Reached skill level 6 in Staves
   145 | D        | Reached skill level 5 in Dodging
   145 | D        | Reached XP level 4. HP: 49/49 MP: 4/4
   173 | D        | Noticed Sigmund
   179 | D        | Killed Sigmund
   180 | D        | Reached skill level 5 in Fighting
   180 | D        | Reached skill level 7 in Staves
   180 | D        | Reached skill level 5 in Throwing
   180 | D        | Reached skill level 1 in Stealth
   180 | D        | Reached XP level 5. HP: 55/59 MP: 5/5
   180 | D        | Reached XP level 6. HP: 62/67 MP: 6/6
   196 | D        | Found an ornate altar of the Wu Jian Council.
   196 | D        | Found a shimmering blue altar of Sif Muna.
   199 | D        | Found a radiant altar of Vehumet.
   201 | D        | Reached skill level 8 in Staves
   212 | D        | Found Fixkur's General Store.
   212 | D        | Found an ancient bone altar of Kikubaaqudgha.
   212 | D        | Found a hazy altar of Hepliaklqana.
   212 | D        | Found a stormy altar of Qazlal.
   212 | D        | Found a hide-covered altar of Uskayaw.
   212 | D        | Found a blossoming altar of Fedhas.
   212 | D        | Found a bloodstained altar of Trog.
   212 | D        | Found an iron altar of Okawaru.
   212 | D        | Found a basalt altar of Yredelemnul.
   212 | D        | Found a glowing golden altar of the Shining One.
   212 | D        | Found a snail-covered altar of Cheibriados.
   212 | D        | Found a sacrificial altar of Ru.
   212 | D        | Found a glowing silver altar of Zin.
   212 | D        | Found a shadowy altar of Dithmenos.
   212 | D        | Found a white marble altar of Elyvilon.
   212 | D        | Noticed a yak
   217 | D        | Killed a yak
   218 | D        | Reached XP level 7. HP: 66/76 MP: 7/7
   218 | D        | Found an opulent altar of Gozag.
   223 | D        | Found a sparkling altar of Nemelex Xobeh.
   238 | D        | Became a worshipper of Ru the Awakened
   242 | D        | Bought 8 stones for 8 gold pieces
   242 | D        | Bought a potion of curing for 30 gold pieces
   305 | D        | Found a burning altar of Makhleb.
   305 | D        | Found a viscous altar of Jiyva.
   305 | D        | Found a shimmering altar of Xom.
   305 | D        | Found a corrupted altar of Lugonu.
   305 | D        | Noticed a slime creature
   316 | D        | Killed a slime creature
   317 | D        | Reached skill level 9 in Staves
   490 | D        | Noticed a kobold demonologist
   491 | D        | Noticed a kobold demonologist
   500 | D        | Noticed an ice devil
   501 | D        | Noticed a hellwing
   503 | D        | Noticed a soul eater
   503 | D        | Killed a kobold demonologist
   504 | D        | Reached skill level 10 in Staves
   504 | D        | Reached XP level 8. HP: 64/88 MP: 8/8
   519 | D        | Noticed an orange demon
   582 | D        | Noticed a centaur warrior
   582 | D        | Noticed a centaur warrior
   586 | D        | HP: 4/88 [centaur warrior/arrow (21)]
   590 | D        | Slain by an ufetubus

Illustrated notes

Levels and vault maps discovered:
D:        dungeon_sprint_1 [red_sonja_temple_1, red_sonja_temple_small_1]

Skill      XL: |  1  2  3  4  5  6  7 |
---------------+----------------------+-----
Fighting       | 3 4 5 6 7 |  7.9
Staves         | 4 6 7 8 10 | 10.3
Dodging        | 4 5 7 8 9 |  9.5
Maces & Flails | 1 2 3 |  3.8
Throwing       | 3 5 7 |  7.1
Stealth        | 1 2 |  2.5
Evocations     | |  0.8

Action                   |  1- 3 |  4- 6 |  7- 9 || total
-------------------------+-------+-------+-------++-------
Melee: Quarterstaff      |     8 |       |       ||     8
       Club              |     5 |     9 |    33 ||    47
       Punch             |       |       |     1 ||     1
Throw: Throwing net      |     4 |     1 |       ||     5
       Large rock        |       |     1 |     1 ||     2
       Stone             |       |       |     8 ||     8
Evoke: Wand              |       |     1 |     2 ||     3
  Use: Potion            |       |       |     5 ||     5
       Scroll            |       |       |     1 ||     1
 Stab: Held in net/web   |     2 |       |       ||     2
Armor: Robe              |       |       |     7 ||     7
Dodge: Dodged            |     3 |     2 |    43 ||    48

Table legend: (Time is in decaauts)
 A = Elapsed time spent in this place.
 B = Non-inter-level travel time spent in this place.
 C = Inter-level travel time spent in this place.
 D = Time resting spent in this place.
 E = Time spent auto-exploring this place.
 F = Levels seen in this place.
 G = Mean time per level.
                   A        B        C        D        E       F      G
               +--------+--------+--------+--------+--------+-----+--------+
         Total |    582 |    582 |      0 |    284 |      0 |   1 |  582.0 |
       Dungeon |    582 |    582 |      0 |    284 |      0 |   1 |  582.0 |
               +--------+--------+--------+--------+--------+-----+--------+

Top non-repeatable levels by time:
       D: 582 daAuts
